 Dungeon Crawl Stone Soup version 0.27.0-1-g7a089689b8 (webtiles) character file.

Game seed: 16138301320032492307

63 dinky the Sneak (level 3, -2/24 HPs)
             Began as a Spriggan Venom Mage on Aug 4, 2021.
             Slain by a quokka (3 damage)
             ... on level 4 of the Dungeon.
             The game lasted 00:05:04 (1002 turns).

dinky the Sneak (Spriggan Venom Mage)               Turns: 1002, Time: 00:05:05

Health: -2/24      AC: 21    Str:  4    XL:     3   Next: 87%
Magic:  6/9        EV:  4    Int: 17    God:
Gold:   93         SH:  0    Dex: 15    Spells: 3/9 levels left

rFire    . . .     SeeInvis +   (weapon restricted)
rCold    . . .     Faith    .   (shield restricted)
rNeg     + + +     Spirit   .   (armour currently unavailable)
rPois    +         Reflect  .   (helmet currently unavailable)
rElec    .         Harm     .   (cloak currently unavailable)
rCorr    .         Rampage  .   (gloves unavailable)
Will     .....     NoTele   +   (boots unavailable)
Stlth    +++.......             (no amulet)
HPRegen  0.08/turn              (no ring)
MPRegen  0.11/turn              (no ring)

@: brilliant, tree-form, very slightly contaminated, hasted, very quick
A: stationary, stasis, torment immunity, boosted hp, very small, no large
weapons, unfitting armour, see invisible, (speed 3)
a: no special abilities


You were on level 4 of the Dungeon.
You were a tree.
You visited 1 branch of the dungeon, and saw 4 of its levels.

You collected 93 gold pieces.

Inventory:

Hand Weapons
 g - a +0 dagger of protection
Missiles
 c - 36 sling bullets
 i - 31 stones
 j - 49 bolts
Armour
 a - a +0 robe (melded)


   Skills:
 - Level 2.6 Dodging
 + Level 4.2 Stealth
 + Level 3.5 Spellcasting
 + Level 2.7 Transmutations
 + Level 3.5 Poison Magic


You had 3 spell levels left.
You knew the following spells:

 Your Spells              Type           Power      Damage    Failure   Level
a - Sting                 Tmut/Pois      80%        1d7       4%          1
b - Poisonous Vapours     Pois/Air       26%        N/A       12%         2
c - Mephitic Cloud        Conj/Pois/Air  10%        N/A       30%         3

Your spell library contained the following spells:

 Spells                   Type           Power      Damage    Failure   Level
 Ozocubu's Armour         Ice            4%         N/A       45%         3
 Olgreb's Toxic Radiance  Pois           22%        N/A       36%         4
 Ozocubu's Refrigeration  Ice            2%         4d5       100%        7


Dungeon Overview and Level Annotations

Branches:
Dungeon (4/15)
 Temple: D:4-7

Altars:

Annotations:
D:3 Grinder
D:4 Ijyb


Innate Abilities, Weirdness & Mutations

You are a tree.
Your roots penetrate the ground, keeping you stationary.
You cannot be teleported.
You are immune to unholy pain and torment.
Your maximum health is greatly increased.
Your equipment is partially melded.
You are very small and have problems with some larger weapons.
You are too small for most types of armour.
You have supernaturally acute eyesight. (SInv)
((You cover ground extremely quickly. (Speed+++)))


Message History

Casting: Poisonous Vapours (safe; 12% risk of failure)
Confirm with . or Enter, or press ? or * to list all spells.
Aiming: Poisonous Vapours (safe; 12% risk of failure)
Press: ? - help, Dir - move target, f/p - orc warrior
Aim: an orc warrior, wielding a +0 halberd and wearing a +0 chain mail (poisoned)
You feel a surge of power!
Poisonous vapours surround the orc warrior!
The orc warrior looks even sicker.
The orc hits you but does no damage.
Unknown command.
Casting: Poisonous Vapours (safe; 12% risk of failure)
Confirm with . or Enter, or press ? or * to list all spells.
Aiming: Poisonous Vapours (safe; 12% risk of failure)
Press: ? - help, Dir - move target, f/p - orc warrior
Aim: an orc warrior, wielding a +0 halberd and wearing a +0 chain mail (lightly wounded, very poisoned)
You feel a surge of power!
You miscast Poisonous Vapours.
You are very lightly contaminated with residual magic.
Nothing appears to happen.
You feel sick.
An endoplasm comes into view.
The adder skeleton bites you.
* * * LOW HITPOINT WARNING * * *
The orc hits you but does no damage.
Unknown command.
Your +0 dagger of protection goes still.
You are now empty-handed.
The quokka bites you but does no damage.
You barely miss the orc.
You feel sick.
You are no longer poisoned.
The orc barely misses you.
The adder skeleton completely misses you.
The orc hits you but does no damage.
You hit the orc.
The orc is heavily wounded.
The quokka bites you but does no damage.
The orc hits you with a +0 whip.
* * * LOW HITPOINT WARNING * * *
You smack the adder skeleton!
The adder skeleton is heavily damaged.
The adder skeleton bites you but does no damage.
The orc hits you but does no damage. The quokka bites you.
You die...

....o...l...........$.
###.?.......#.......
##o.###w....#...
.####..###..J#.>.)
.......K>##..#Z.#(
..######..#olso## #
#..Zogoo##.#
####.#ooZ..#
#l##♣.#....
#.##r.......
..##........
.#.##.##..... #...##..
..... . .#.... #... #.
. .##. ##. . .. . .#


You could see an orc warrior (very poisoned), Ijyb, a scorpion, an iguana, a
dart slug, 6 orcs, an endoplasm, a quokka, an adder skeleton and a bullfrog
skeleton.

Vanquished Creatures
  Natasha (D:2)
  An adder (D:2)
  A dart slug (D:1)
  An orc (D:3)
  5 bats
  An endoplasm (D:2)
  3 hobgoblins
  3 jackals
  2 quokkas (D:2)
  2 ball pythons
  A frilled lizard (D:1)
  5 kobolds
26 creatures vanquished.

Vanquished Creatures (others)
  2 fungi (D:3)
2 creatures vanquished.

Grand Total: 28 creatures vanquished

Notes
Turn   | Place    | Note
-------+----------+-------------------------------------------
     0 | D:1      | dinky the Spriggan Venom Mage began the quest for the Orb.
     0 | D:1      | Reached XP level 1. HP: 9/9 MP: 5/5
   191 | D:1      | Reached XP level 2. HP: 13/13 MP: 1/6
   231 | D:2      | Learned a level 2 spell: Poisonous Vapours
   422 | D:2      | Noticed Natasha
   627 | D:2      | Reached XP level 3. HP: 13/16 MP: 0/8
   748 | D:2      | Killed Natasha
   749 | D:2      | Reached skill level 4 in Stealth
   909 | D:3      | Learned a level 3 spell: Mephitic Cloud
   943 | D:3      | Noticed Grinder
   969 | D:4      | Noticed an orc warrior
   970 | D:4      | Noticed a scorpion
   988 | D:4      | Noticed Ijyb
   991 | D:4      | Noticed a necrophage
  1001 | D:4      | HP: 1/24 [orc (1)]
  1002 | D:4      | Slain by a quokka

Illustrated notes

Levels and vault maps discovered:
D:1:      minmay_arrival_five_plusses, layout_basic,
          hellmonk_ecumenical_altar_dog_temple
D:2:      layout_loops_corners, kennysheep_flooded_box,
          kennysheep_generic_room_15, uniq_natasha
D:3:      layout_loops_cross, kennysheep_vampire_church, fedhas_altar_3,
          uniq_grinder, uniq_terence
D:4:      layout_rooms, kennysheep_mini, nicolae_ashenzari_skybound,
          cheibrodos_sewer_entry_drain, serial_shops, shop, uniq_ijyb

Skill      XL: |  1  2  3 |
---------------+----------+-----
Spellcasting   | 3 |  3.5
Transmutations | 2 |  2.7
Stealth        | 4 |  4.2
Dodging        | |  2.6
Poison Magic   | |  3.5

Action                   || total
-------------------------++-------
Melee: Dagger            ||    21
       Unarmed           ||     4
 Cast: Sting             ||    27
       Poisonous Vapours ||    13
  Use: Potion            ||     6
       Scroll            ||     3
Armor: Robe              ||    13
       Skin              ||    15
Dodge: Dodged            ||    65
